 Dungeon Crawl Stone Soup version 0.28.0-53-g5a82cb258f (console) character file.

Game seed: 1777969719232149342

1194 Faeu the Carver (level 8, 0/64 HPs)
             Began as a Minotaur Fighter on May 28, 2022.
             Was an Initiate of Hepliaklqana.
             Slain by Harold
             ... wielding a +0 mace
              (10 damage)
             ... on level 7 of the Dungeon.
             The game lasted 00:13:21 (6454 turns).

Faeu the Carver (Minotaur Fighter)                  Turns: 6454, Time: 00:13:22

Health: 0/64       AC: 11    Str: 24    XL:     8   Next: 20%
Magic:  7/7        EV:  7    Int:  5    God:    Hepliaklqana [......]
Gold:   270        SH:  4    Dex:  9    Spells: 7/7 levels left

rFire   . . .      SeeInvis .   a - +0 long sword {long}
rCold   + . .      Faith    .   c - +0 buckler
rNeg    . . .      Spirit   .   e - +1 chain mail {rPois}
rPois   +          Reflect  .   (helmet restricted)
rElec   .          Harm     .   (no cloak)
rCorr   .          Rampage  .   (no gloves)
Will    +....                   o - +0 pair of boots
Stlth   ..........              (no amulet)
HPRegen 0.20/turn               s - ring of the Cockroach {rC+ Will+}
MPRegen 0.10/turn               (no ring)

@: mighty
A: horns 2, retaliatory headbutt
a: Renounce Religion


You were on level 7 of the Dungeon.
You worshipped Hepliaklqana.
Hepliaklqana was noncommittal.
You visited 2 branches of the dungeon, and saw 8 of its levels.
You also visited: Sewer.

You collected 270 gold pieces.


Innate Abilities, Weirdness & Mutations

You have a pair of horns on your head.
You reflexively headbutt those who attack you in melee.


   Skills:
 - Level 3.6 Fighting
 + Level 11.9 Long Blades
 - Level 3.6 Armour
 - Level 3.6 Shields


You had 7 spell levels left.
You didn't know any spells.
Your spell library contained the following spells:

 Spells                   Type           Power      Damage    Failure   Level
 Blink                    Tloc           0%         N/A       100%        2
 Ensorcelled Hibernation  Hex/Ice        0%         N/A       100%        2
 Lesser Beckoning         Tloc           0%         N/A       100%        3
 Spider Form              Tmut/Pois      0%         N/A       100%        3
 Anguish                  Hex/Necr       0%         N/A       100%        4
 Manifold Assault         Tloc           0%         N/A       100%        5

Inventory:

Hand Weapons
 a - a +0 long sword (weapon) {long}
Missiles
 w - 25 stones (quivered) {throwing}
Armour
 b - a +0 scale mail
 c - a +0 buckler (worn)
 e - a +1 chain mail of poison resistance (worn)
   (You found it on level 1 of the Dungeon)
 o - a +0 pair of boots (worn)
   (You found it on level 4 of the Dungeon)
 v - a +0 pair of gloves
   (You found it on level 6 of the Dungeon)
Jewellery
 s - the ring of the Cockroach (left hand) {rC+ Will+}
   (You found it in a sewer)

   [ring of willpower]

   rC:        It protects you from cold.
   Will:      It increases your willpower.
Scrolls
 g - 2 scrolls of fog
 h - a scroll of immolation {!r!r}
 i - a scroll of amnesia
 j - a scroll of magic mapping {!r}
 l - 2 scrolls of teleportation {@r4}
 p - a scroll of fear {unknown}
 r - a scroll of enchant weapon {unknown}
 u - a scroll of identify {@r1}
Potions
 f - 3 potions of flight {unknown}
 k - a potion of curing {unknown}
 m - 3 potions of haste {unknown}
 n - a potion of mutation {unknown}
 q - a potion of resistance {unknown}
 t - a potion of berserk rage {unknown}

Dungeon Overview and Level Annotations

Branches:
Dungeon (7/15)             Temple (1/1) D:6           Sewer (visited)

Altars:
Ashenzari
Cheibriados
Dithmenos
Elyvilon
Fedhas
Gozag
Hepliaklqana
Kikubaaqudgha
Makhleb
Nemelex Xobeh
Okawaru
Qazlal
Ru
Sif Muna
Trog
Uskayaw
Vehumet
Wu Jian
Xom
Yredelemnul
Zin
The Shining One

Shops:
D:4 *

Annotations:
D:5 Edmund
D:7 Harold

#.#.#
##########.#.#
.............#
#######.##.#.#
########.##.#.#
..............#
########.##.###
## ###.##.# ..
#<..##.#
#####o######.#
.....oo@@....#
.####o########
#


You could see Harold and 4 orcs.


Message History

No target in view!
Done exploring.
No target in view!
Done exploring.
No target in view!
Done exploring.
No target in view!
Done exploring.
No target in view!
Done exploring.
No target in view!
Key pressed, stopping explore.
No target in view!
Done exploring.
No target in view!
Done exploring.
No target in view!
Done exploring.
No target in view!
Done exploring.
No target in view!
Done exploring.
No target in view!
Done exploring.
No target in view!
Done exploring.
No target in view!
Search for what [? for help]? hep
There is an open door here.
You open the door.
There is an open door here.
There is a hazy altar of Hepliaklqana here.
You kneel at the altar of Hepliaklqana.
Hepliaklqana welcomes you!
You open the door.
There is an open door here.
There is an open door here.
There is a staircase back to the Dungeon here.
You climb upwards.
Welcome back to the Dungeon!
There is a staircase to the Ecumenical Temple here.
There is an open door here.
There is an open door here.
There is an open door here.
There is a stone staircase leading down here.
You climb downwards.
There is a stone staircase leading up here.
You now have 270 gold pieces (gained 9).
An orc comes into view. It is wielding a +0 club.
The orc shouts!
An orc comes into view. It is wielding a +0 flail.
An orc comes into view. It is wielding a +0 club.
Harold the Weathered comes into view.
He is wielding a +0 mace.
You aren't carrying any items that you can evoke.
Harold says, "This is so exciting!
What a great way to end my career!"
The orc shouts!
Harold hits you with a +0 mace. 😕 HP[-6]
You take 6 damage, and now have 58/64 hp.
You hit Harold.
Harold hits you with a +0 mace! 😮 HP[-13]
You take 13 damage, and now have 45/64 hp.
MASSIVE DAMAGE!! (PAUSE)
You barely miss Harold. You slash Harold! Your headbutt misses Harold.
Harold hits you with a +0 mace!
An orc comes into view. It is wielding a +0 dagger. 😮 HP[-10]
You take 10 damage, and now have 35/64 hp.
The orc shouts!
You hit Harold but do no damage.
You hear a croak.
Harold hits you with a +0 mace.
* * * LOW HITPOINT WARNING * * *
😨 HP[-5]
You take 5 damage, and now have 30/64 hp.
You slash Harold! You headbutt Harold! Harold gestures at you while chanting.
You barely resist. You slash Harold! Your headbutt misses Harold.
Harold hits you with a +0 mace.
* * * LOW HITPOINT WARNING * * *
😨 HP[-3]
You take 3 damage, and now have 27/64 hp.
Harold casts a spell at you.
You barely resist. Harold hits you with a +0 mace.
* * * LOW HITPOINT WARNING * * *
😨 HP[-4]
You take 4 damage, and now have 23/64 hp.
You hit Harold. You barely miss Harold. Harold hits you with a +0 mace!
* * * LOW HITPOINT WARNING * * *
😱 HP[-12]
You take 12 damage, and now have 11/64 hp.
You aren't carrying any items that you can evoke.
You feel very mighty all of a sudden. Harold hits you with a +0 mace.
* * * LOW HITPOINT WARNING * * *
😱 HP[-1]
You take 1 damage, and now have 10/64 hp.
You hit Harold. Your headbutt misses Harold. Harold hits you with a +0 mace!
You die...

Skill      XL: |  1  2  3  4  5  6  7 |
---------------+----------------------+-----
Long Blades    | 3 4 5 7 9 11 | 11.9
Fighting       | |  3.6
Armour         | |  3.6
Shields        | |  3.6

Action                   |  1- 3 |  4- 6 |  7- 9 || total
-------------------------+-------+-------+-------++-------
Melee: Long sword        |    80 |   165 |    77 ||   322
       Headbutt          |     8 |    23 |    16 ||    47
Throw: Stone             |       |       |    11 ||    11
  Use: Scroll            |       |     6 |       ||     6
       Potion            |       |       |     1 ||     1
Armor: Chain mail        |    48 |   105 |    24 ||   177
       Scale mail        |     1 |       |       ||     1
Dodge: Dodged            |    40 |    57 |    13 ||   110
Block: Buckler           |    24 |    39 |    11 ||    74

Levels and vault maps discovered:
D:1:      dpeg_arrival_tiny_i, layout_basic, shapermc_ecumenical_altar_ellora
D:2:      layout_loops_cross
D:3:      layout_rooms, nicolae_elevator_lobby_asterisk, uniq_robin,
          uniq_crazy_yiuf_cottage
D:4:      layout_rooms, led_sif_book, serial_corexii_hall,
          corexii_hall_statues_x, corexii_hall_statues_l,
          chequers_decorated_corner, kennysheep_nub, nicolae_shop_gadgets
D:5:      layout_loops_ring, uniq_edmund
D:6:      layout_basic, minmay_temple_entry_glassed_door, portal_sewer_entry_a,
          serial_bayou_lagoon_b
D:7:      layout_basic, uniq_harold, uniq_maggie
Temple:   mainiacjoe_temple_starburst

Notes
Turn   | Place    | Note
-------+----------+-------------------------------------------
     0 | D:1      | Faeu the Minotaur Fighter began the quest for the Orb.
     0 | D:1      | Reached XP level 1. HP: 19/19 MP: 0/0
     0 | D:1      | magus.rc [v1.9.6]
   237 | D:1      | Reached skill level 3 in Long Blades
   305 | D:1      | Found a faded altar of an unknown god.
   454 | D:1      | Reached XP level 2. HP: 25/26 MP: 1/1
   980 | D:2      | You fall into a shaft and drop 1 floor!
  1040 | D:3      | You pick up a book of Spatial Translocations and begin
                  | reading...
  1040 | D:3      | You add the spells Blink, Lesser Beckoning and Manifold
                  | Assault to your library.
  1161 | D:3      | Noticed Robin
  1287 | D:2      | Reached skill level 4 in Long Blades
  1287 | D:2      | Reached XP level 3. HP: 31/31 MP: 2/2
  1483 | D:2      | You pick up a book of Dreams and begin reading...
  1483 | D:2      | You add the spells Ensorcelled Hibernation, Spider Form and
                  | Anguish to your library.
  1874 | D:3      | Reached skill level 5 in Long Blades
  1939 | D:3      | Reached XP level 4. HP: 28/39 MP: 3/3
  1940 | D:3      | Killed Robin
  2528 | D:4      | Found Tauffats's Gadget Gallery.
  2669 | D:4      | Found a shimmering blue altar of Sif Muna.
  2791 | D:4      | Reached skill level 6 in Long Blades
  3105 | D:5      | Entered Level 5 of the Dungeon
  3105 | D:5      | Noticed an ogre
  3215 | D:5      | Noticed a black bear
  3221 | D:5      | Killed a black bear
  3222 | D:5      | Reached skill level 7 in Long Blades
  3222 | D:5      | Reached XP level 5. HP: 31/45 MP: 4/4
  3236 | D:5      | Noticed Edmund
  3272 | D:6      | Noticed a centaur
  3285 | D:6      | Killed a centaur
  3286 | D:6      | Reached XP level 6. HP: 42/51 MP: 5/5
  3288 | D:6      | Reached skill level 8 in Long Blades
  3303 | D:6      | Found a glowing drain.
  3318 | Sewer    | Entered a sewer
  3711 | Sewer    | Identified the ring of the Cockroach {rC+ Will+}
  3717 | Sewer    | Reached skill level 9 in Long Blades
  3717 | Sewer    | Reached XP level 7. HP: 31/57 MP: 6/6
  4053 | D:6      | Reached skill level 10 in Long Blades
  4383 | D:6      | Reached skill level 11 in Long Blades
  4963 | D:6      | Reached XP level 8. HP: 38/64 MP: 7/7
  5788 | D:6      | Found a staircase to the Ecumenical Temple.
  5798 | Temple   | Entered the Ecumenical Temple
  6301 | Temple   | Became a worshipper of Hepliaklqana the Forgotten
  6439 | D:7      | Noticed Harold
  6452 | D:7      | HP: 11/64 [Harold/+0 mace (12)]
  6454 | D:7      | Slain by Harold

Vanquished Creatures
  A water moccasin (D:6)
  A sky beast (D:6)
  A black bear (D:5)
  2 ogres (D:6)
  A centaur (D:6)
  A scorpion (D:6)
  3 bullfrogs
  A water moccasin zombie (D:6)
  A bullfrog zombie (D:6)
  A bullfrog skeleton (D:6)
  A hound (D:6)
  2 iguanas (D:6)
  Robin (D:3)
  8 adders
  9 ball pythons
  3 bats
  10 endoplasms
  16 giant cockroaches
  14 goblins
  4 hobgoblins
  12 quokkas
  8 frilled lizards (Sewer)
  7 kobolds
  4 rats
112 creatures vanquished.

Vanquished Creatures (others)
  7 plants (D:6)
7 creatures vanquished.

Grand Total: 119 creatures vanquished

Table legend:
 A = Non-vault XP
 B = Vault XP
 C = Vault XP percentage of total XP
 D = Non-vault monster count
 E = Vault monster count
 F = Vault count percentage of total count
                 A         B        C        D         E       F
            +---------+---------+-------+---------+---------+-------
      Total |    1382 |     324 |  19.0 |      52 |      60 |  53.6
            +---------+---------+-------+---------+---------+-------
        D:1 |      16 |       0 |   0.0 |       9 |       0 |   0.0
        D:2 |      57 |       0 |   0.0 |      13 |       0 |   0.0
        D:3 |       7 |      40 |  85.1 |       5 |      13 |  72.2
        D:4 |      55 |       0 |   0.0 |      11 |       0 |   0.0
        D:5 |     131 |       0 |   0.0 |       1 |       0 |   0.0
        D:6 |    1116 |       4 |   0.4 |      13 |       3 |  18.8
      Sewer |       0 |     280 | 100.0 |       0 |      44 | 100.0
            +---------+---------+-------+---------+---------+-------

Illustrated notes

Table legend:
 A = Kills in this place as a percentage of kills in entire the game.
 B = Kills by you in this place as a percentage of kills by you in the entire game.
 C = Kills by friends in this place as a percentage of kills by friends in the entire game.
 D = Other kills in this place as a percentage of other kills in the entire game.
 E = Experience gained in this place as a percentage of experience gained in the entire game.
 F = Experience gained in this place divided by the number of levels of this place that you have seen.
                   A       B       C       D       E      F
               +-------+-------+-------+-------+-------+----------------------
         Total | 100.0 | 100.0 |   N/A |   N/A | 100.0 | 189.6
       Dungeon |  60.7 |  60.7 |   N/A |   N/A |  83.6 | 203.7
         Sewer |  39.3 |  39.3 |   N/A |   N/A |  16.4 | 280.0
               +-------+-------+-------+-------+-------+----------------------

Table legend: (Time is in decaauts)
 A = Elapsed time spent in this place.
 B = Non-inter-level travel time spent in this place.
 C = Inter-level travel time spent in this place.
 D = Time resting spent in this place.
 E = Time spent auto-exploring this place.
 F = Levels seen in this place.
 G = Mean time per level.
                   A        B        C        D        E       F      G
               +--------+--------+--------+--------+--------+-----+--------+
         Total |   6551 |   6333 |    218 |   1052 |   3605 |   9 |  727.9 |
       Dungeon |   5360 |   5240 |    120 |    979 |   2983 |   7 |  765.7 |
        Temple |    570 |    472 |     98 |      0 |    443 |   1 |  570.0 |
         Sewer |    620 |    620 |      0 |     73 |    179 |   1 |  620.0 |
               +--------+--------+--------+--------+--------+-----+--------+

Top non-repeatable levels by time:
     D:6: 2017 daAuts
     D:1: 840 daAuts
     D:2: 833 daAuts
     D:4: 747 daAuts
     D:3: 740 daAuts
   Sewer: 620 daAuts
  Temple: 570 daAuts
     D:5: 141 daAuts
     D:7: 40 daAuts
